AoeStats
← ManzanaConTuco

Arabia

510197479Analyzed
1v1 RM · 3d ago on Sep 29, 2026· 51m 3s· 2 players
Game mode
Random Map
Map size
Tiny (2 player)
Population
200
Speed
Normal
Resources
Standard
Victory
Conquest
Starting age
Dark Age
Ending age
Imperial Age
RankedLock teamsTeams togetherTeam positionsShared explorationLock speedFull tech treeHidden civsTurbo modeCheats
Victory
Defeat
🇦🇷 Mongols · Argentina
680
+17
🇺🇾 Inca · Uruguay
693
-17
MataGato
4:41 Loom
10:41 Feudal Age
11:45 Double-Bit Axe
19:06 Fletching
23:10 Padded Archer Armor
26:03 Castle Age
26:22 Crossbowman
27:01 Bodkin Arrow
28:15 Bow Saw
29:23 Gold Mining
34:23 Ballistics
34:53 Thumb Ring
36:07 Leather Archer Armor
36:35 Gold Shaft Mining
35:51 Stone Mining
42:30 Imperial Age
43:10 Heavy Cavalry Archer
44:57 Chemistry
43:59 Bracer
44:41 Town Watch
45:32 Wheelbarrow
45:57 Siege Engineers
ManzanaConTuco
11:46 Feudal Age
14:06 Arson
16:30 Champi Runner
23:15 Castle Age
30:39 Champi Warrior
32:20 Elite Skirmisher
35:42 Loom
36:32 Wheelbarrow
38:21 Double-Bit Axe
42:49 Forging
42:30 Fletching
45:47 Imperial Age
44:57 Ballistics
Connection lost

Rejoining the realm…

Still unreachable

The connection could not be restored.

Session expired

The server has moved on; the page needs a fresh start.